 Dungeon Crawl Stone Soup version 0.16.1-5-gaa23807 (webtiles) character file.

34 HiobMontag the Conjurer (level 3, -9/19 HPs)
             Began as a Deep Elf Conjurer on Mar 28, 2015.
             Killed from afar by Sigmund (12 damage)
             ... with a wand of frost
             ... on level 2 of the Dungeon.
             The game lasted 00:06:20 (1302 turns).

HiobMontag the Conjurer (Deep Elf Conjurer)         Turns: 1302, Time: 00:06:20

Health: -9/19      AC:  2    Str:  5    XL:     3   Next: 14%
Magic:  6/11       EV: 13    Int: 20    God:
Gold:   27         SH:  0    Dex: 15    Spells: 3 memorised, 3 levels left

rFire  . . .     SeeInvis .     (no weapon)
rCold  . . .     Clarity  .     a - +0 robe
rNeg   . . .     SustAb   .     (no shield)
rPois  .         Gourm    .     (no helmet)
rElec  .         Spirit   .     (no cloak)
rCorr  .         Warding  .     (no gloves)
rMut   .         Stasis   .     (no boots)
MR     .....                    (no amulet)
Stlth  ++........               (no ring)
                                (no ring)

@: not resistant to hostile enchantments, unstealthy
A: no striking features
a: no special abilities


You were on level 2 of the Dungeon.
You were not hungry.

You visited 1 branch of the dungeon, and saw 2 of its levels.

You collected 27 gold pieces.

Inventory:

Missiles
 m - 18 stones (quivered)
Armour
 a - a +0 robe (worn)
Scrolls
 d - a scroll of amnesia {unknown}
 f - 2 scrolls of remove curse {unknown}
 g - 2 scrolls of identify
 h - a scroll of teleportation
 k - a scroll of enchant armour {unknown}
 l - a scroll of fear {unknown}
Potions
 e - a potion of magic
 i - a potion of mutation {unknown}
Books
 c - a book of Conjurations

   Spells                             Type                      Level
   a - Magic Dart                     Conjuration                  1
   b - Searing Ray                    Conjuration                  2
   c - Dazzling Spray                 Conjuration/Hexes            3
   d - Fulminant Prism                Conjuration/Hexes            4
   e - Iskenderun's Mystic Blast      Conjuration                  4
   f - Iskenderun's Battlesphere      Conjuration/Charms           5
Comestibles
 b - a bread ration
 j - a royal jelly


   Skills:
 + Level 2.6 Dodging
 + Level 2.7 Stealth
 + Level 3.8 Spellcasting
 + Level 5.0 Conjurations


You had 3 spell levels left.
You knew the following spells:

 Your Spells              Type           Power        Failure   Level  Hunger
a - Magic Dart            Conj           ###.         1%          1    None
b - Searing Ray           Conj           ###...       2%          2    ##.....
c - Dazzling Spray        Conj/Hex       ##......     17%         3    ###....


Dungeon Overview and Level Annotations

Branches:
Dungeon (2/15)

Altars:
Zin

Shops:
D:2 *

Annotations:
D:2 Sigmund


Message History

Sigmund the Dreaded comes into view.
He is wielding a scythe.
Sigmund zaps a wand.
The puff of frost misses you.
It is a wand of frost.
Casting: Magic Dart
Confirm with . or Enter, or press ? or * to list all spells.
Aiming: Searing Ray
Press: ? - help, Shift-Dir - straight line, f - Sigmund
Aim: Sigmund, wielding a scythe, wearing a robe and carrying a wand of frost {zapped: 1} The searing ray misses Sigmund.
The searing ray hits Sigmund.
Sigmund is lightly wounded.
Sigmund hits you from afar with a scythe!
Ouch! That really hurt!
* * * LOW HITPOINT WARNING * * *
The searing ray hits Sigmund.
Sigmund is lightly wounded.
The searing ray hits Sigmund.
Sigmund is heavily wounded.
Sigmund zaps a wand.
The puff of frost hits you!
Ouch! That really hurt!
You die...

. .## #†. ... . #.# #.#
#..# #.# #......#
##..###.####.###.>....#
..........@............
#..# #@# #. #.....# #..#
#.# ###.##.....# ###..#
#.# #..........#
#....###.###.#......#.#
#.#.^...............#.##
#.#..#############.#...#
######.#..# #.#...#
#......#..# #.#...#
#.####.##.## #.###.#


You could see Sigmund.

Vanquished Creatures
  A worm (D:2)
  2 giant cockroaches
  7 hobgoblins
  4 kobolds
  2 ball pythons
  4 bats
  2 giant newts
  4 rats
26 creatures vanquished.

Notes
Turn   | Place    | Note
--------------------------------------------------------------
     0 | D:1      | HiobMontag, the Deep Elf Conjurer, began the quest for the Orb.
     0 | D:1      | Reached XP level 1. HP: 10/10 MP: 5/5
   205 | D:1      | Reached XP level 2. HP: 15/15 MP: 1/8
   642 | D:1      | Learned a level 2 spell: Searing Ray
  1180 | D:2      | Reached XP level 3. HP: 19/19 MP: 8/11
  1185 | D:2      | Learned a level 3 spell: Dazzling Spray
  1193 | D:2      | Found Zin's Purification Station.
  1197 | D:2      | Found a glowing silver altar of Zin.
  1225 | D:2      | Reached skill level 5 in Conjurations
  1298 | D:2      | Noticed Sigmund
  1302 | D:2      | Killed from afar by Sigmund

Action                   || total
-------------------------++-------
 Cast: Magic Dart        ||    47
       Searing Ray       ||     4
  Use: Potion            ||     1
       Scroll            ||     2
  Eat: Chunk             ||     1
